Gangsters vs Demolitions
Created - 1 mai 2016 at 19:26
Goals
|
| Gangsters |
1 |
2 |
0 |
3 |
| Demolitions |
1 |
4 |
1 |
6 |
|
Shots
|
| Gangsters |
17 |
10 |
13 |
40 |
| Demolitions |
13 |
8 |
10 |
31 |
|
1st period
1. Demolitions , Billy Sweat 7 (David Laliberté, Nicolas Blanchard) at 7:15
2. Gangsters , Richard Panik 18 (Maxime Sauvé, Brett Ponich) at 16:22
Penalties :
Colten Teubert (Bro) for Slashing (Minor) at 18:16
2nd period
3. Demolitions , Bobby Butler 38 (Ryan Vesce) at 0:12 (PP)
4. Gangsters , Maxime Sauvé 15 (Richard Panik) at 2:30
5. Demolitions , Anton Babchuk 7 (Ryan Vesce, Bobby Butler) at 3:02 (PP)
6. Demolitions , Ryan Vesce 51 (Bobby Butler, Darren Helm) at 3:10
7. Gangsters , Nathan Gerbe 33 (Alexandre Bolduc) at 9:56 (PP)
8. Demolitions , Billy Sweat 8 (David Laliberté, Nicolas Blanchard) at 13:38
Penalties :
Shaun Heska (Bro) for Slashing (Minor) at 2:52, Darren Helm (Vic) for Holding (Minor) at 9:53, Ben Holmstrom (Bro) for Roughing (Minor) at 11:25, Ryan Vesce (Vic) for Hooking (Minor) at 14:56, Michael Sdao (Bro) for Tripping (Minor) at 15:59
3rd period
9. Demolitions , Cameron Schilling 3 (Darren Helm) at 3:49 (PP)
Penalties :
Mikko Lehtonen (Bro) for Roughing (Minor) at 3:14, Dave Dziurzynski (Bro) for Hooking (Minor) at 6:45, Michael Sdao (Bro) for Hooking (Minor) at 6:48, Matt D'Agostini (Vic) for Slashing (Minor) at 15:27
Goalie Stats
Brad Thiessen (Bro), 11 saves from 13 shots - (0,846), 36:50 minutes
Dustin Tokarski (Bro), 14 saves from 18 shots - (0,778), L, 26-28-5, 23:10 minutes
Brent Krahn (Vic), 37 saves from 40 shots - (0,925), W, 38-22-6, 60:00 minutes
Players Stats for Gangsters
Player Name G A P +/- PIM S H SB GA TA FO MP PP MP PK MP
------------------------------------------------------------------------------------
Alexandre Bolduc 0 1 1 -2 0 6 2 1 0 0 16/29 22:40 2:18 3:51
Artem Anisimov 0 0 0 0 0 1 1 0 0 0 4/12 16:32 0:47 1:29
Ben Holmstrom 0 0 0 -1 2 1 0 0 0 0 0/2 7:21 0:00 0:00
Brett Ponich 0 1 1 2 0 1 1 1 0 2 0/0 10:34 0:00 0:28
Colten Teubert 0 0 0 -1 2 2 1 2 1 2 0/0 28:40 2:05 3:37
Curtis McKenzie 0 0 0 -1 0 0 0 1 0 0 1/1 8:07 0:00 0:33
Dave Dziurzynski 0 0 0 0 2 4 4 0 0 0 0/0 15:32 0:47 0:03
Devante Smith-Pelly 0 0 0 0 0 0 3 0 0 0 0/1 7:08 0:00 0:00
Gabriel Dumont 0 0 0 0 0 0 0 0 0 0 0/0 0:15 0:00 0:09
Luke Gazdic 0 0 0 2 0 0 2 0 0 0 0/1 10:07 0:00 0:00
Matt Delahey 0 0 0 -2 0 0 2 2 0 0 0/0 20:31 1:00 3:00
Maxime Sauvé 1 1 2 1 0 6 3 0 0 0 4/8 12:31 0:00 1:37
Michael Sdao 0 0 0 -2 4 0 1 0 0 1 0/0 18:28 0:59 1:42
Mikko Lehtonen 0 0 0 0 2 4 1 0 0 0 0/0 14:56 0:47 0:00
Morgan Ellis 0 0 0 2 0 0 0 1 1 1 0/0 12:50 0:00 2:07
Nathan Gerbe 1 0 1 -2 0 7 0 2 1 0 5/12 23:24 2:18 4:23
Phil McRae 0 0 0 0 0 0 0 0 0 0 0/0 0:12 0:00 0:00
Richard Panik 1 1 2 2 0 7 0 1 0 0 1/3 10:07 0:00 0:00
Ryan Jones 0 0 0 -2 0 0 1 0 1 0 1/2 19:43 2:18 1:29
Shaun Heska 0 0 0 -1 2 1 2 2 3 2 0/0 29:38 2:05 4:35
Players Stats for Demolitions
Player Name G A P +/- PIM S H SB GA TA FO MP PP MP PK MP
------------------------------------------------------------------------------------
Alex Hutchings 0 0 0 0 0 0 0 0 0 0 0/0 1:35 0:04 1:08
Andrew Campbell 0 0 0 1 0 1 0 0 0 1 0/0 9:37 0:00 0:00
Anssi Salmela 0 0 0 1 0 1 0 3 0 0 0/0 19:48 2:45 1:22
Anton Babchuk 1 0 1 -1 0 1 1 3 2 1 0/0 26:01 5:00 1:43
Billy Sweat 2 0 2 2 0 3 0 0 0 0 0/0 11:06 0:00 0:00
Bobby Butler 1 2 3 -1 0 7 1 0 0 2 4/7 22:45 4:42 1:55
Cameron Schilling 1 0 1 -1 0 3 0 2 0 0 0/0 26:01 5:00 1:43
Chris Wideman 0 0 0 0 0 0 0 0 0 0 0/0 4:34 0:00 0:00
Corban Knight 0 0 0 0 0 0 5 0 0 0 3/5 8:22 0:00 0:32
Darren Helm 0 2 2 -1 2 2 1 1 0 0 20/38 20:28 4:35 0:19
David Laliberté 0 2 2 2 0 3 1 0 2 0 0/0 11:06 0:00 0:00
David Rundblad 0 0 0 1 0 0 0 0 0 0 0/0 19:48 2:45 1:22
Josh Beaulieu 0 0 0 0 0 1 0 1 0 0 0/0 8:25 0:04 0:39
Konstantin Pushkarev 0 0 0 0 0 1 1 1 0 0 0/0 7:37 0:00 0:00
Marek Zagrapan 0 0 0 0 0 1 2 0 0 0 7/10 16:22 2:52 0:00
Masi Marjamaki 0 0 0 0 0 0 0 0 0 0 0/0 0:57 0:17 0:00
Matt D'Agostini 0 0 0 0 2 2 2 0 2 1 0/1 16:50 2:55 0:00
Nick Pryor 0 0 0 0 0 0 0 0 0 0 0/0 0:00 0:00 0:00
Nicolas Blanchard 0 2 2 2 0 0 0 1 0 0 4/7 11:06 0:00 0:00
Nigel Dawes 0 0 0 0 0 0 1 1 0 1 0/0 16:58 2:56 0:19
Robert Bortuzzo 0 0 0 0 0 0 1 0 0 1 0/0 4:34 0:00 0:00
Ryan Vesce 1 2 3 -1 2 4 1 0 2 0 1/3 21:44 4:39 1:18
Seth Helgeson 0 0 0 1 0 1 0 2 0 0 0/0 9:37 0:00 0:00
Taylor Aronson 0 0 0 0 0 0 0 0 0 0 0/0 0:00 0:00 0:00
Vince Rocco 0 0 0 0 0 0 0 0 0 0 0/0 0:35 0:11 0:00
3 Stars
1 - Billy Sweat (Vic)
2 - Maxime Sauvé (Bro)
3 - Richard Panik (Bro)
Power Play
Gangsters - 1 on 3 Attempt(s) - 33,33%
Demolitions - 3 on 7 Attempt(s) - 42,86%
Penalty Kill
Gangsters - 4 on 7 Attempt(s) - 57,14%
- Score 0 goal in Penalty Kill
Demolitions - 2 on 3 Attempt(s) - 66,67%
- Score 0 goal in Penalty Kill
Team Stat
Gangsters - Hits : 24 - Faceoff Wins : 32 - Blocked Shots : 13 - Penalty Minutes : 14
Demolitions - Hits : 17 - Faceoff Wins : 39 - Blocked Shots : 15 - Penalty Minutes : 6
Official
Referees : Jackson Dave and Sutherland Kelly
Linesman : Pierre Racicot and Steve Miller
Game Notes
Brad Thiessen enters game at 3:10 of 2nd period
Finance
Level 1 -- Attendance: 1550 (77,50%) -- Ticket Income 54 250 $
Level 2 -- Attendance: 773 (77,30%) -- Ticket Income 11 595 $
Total Attendance: 2323 (77,43%)
Total Ticket Income: 65 845 $
Other Income: 3 292 $
Total Income: 69 137 $
Gangsters
5 vs 5 Forward
Center Left Wing Right Wing Time % Phy DF OF
1 Alexandre Bolduc Nathan Gerbe Ryan Jones 40 1 2 2
2 Artem Anisimov Dave Dziurzynski Mikko Lehtonen 30 1 2 2
3 Maxime Sauvé Luke Gazdic Richard Panik 20 1 2 2
4 Ben Holmstrom Curtis McKenzie Devante Smith-Pelly 10 1 2 2
5 vs 5 Defense
Defense Defense Time % Phy DF OF
1 Colten Teubert Shaun Heska 40 1 2 2
2 Matt Delahey Michael Sdao 30 1 2 2
3 Brett Ponich Morgan Ellis 20 1 2 2
4 Colten Teubert Shaun Heska 10 1 2 2
PowerPlay Forward
Center Left Wing Right Wing Time % Phy DF OF
1 Alexandre Bolduc Nathan Gerbe Ryan Jones 60 1 2 2
2 Artem Anisimov Dave Dziurzynski Mikko Lehtonen 40 1 2 2
PowerPlay Defense
Defense Defense Time % Phy DF OF
1 Colten Teubert Shaun Heska 60 1 2 2
2 Matt Delahey Michael Sdao 40 1 2 2
Penalty Kill 4 Players Forward
Center Wing Time % Phy DF OF
1 Nathan Gerbe Alexandre Bolduc 60 1 2 2
2 Ryan Jones Artem Anisimov 40 1 2 2
Penalty Kill 4 Players Defense
Defense Defense Time % Phy DF OF
1 Colten Teubert Shaun Heska 60 1 2 2
2 Matt Delahey Michael Sdao 40 1 2 2
Penalty Kill - 3 Players Forward
Forward Time % Phy DF OF
1 Nathan Gerbe 60 1 2 2
2 Alexandre Bolduc 40 1 2 2
Penalty Kill - 3 Players Defense
Defense Defense Time % Phy DF OF
1 Colten Teubert Shaun Heska 60 1 2 2
2 Matt Delahey Michael Sdao 40 1 2 2
4 vs 4 Forward
Center Wing Time % Phy DF OF
1 Nathan Gerbe Alexandre Bolduc 60 1 2 2
2 Ryan Jones Artem Anisimov 40 1 2 2
4 vs 4 Defense
Defense Defense Time % Phy DF OF
1 Colten Teubert Shaun Heska 60 1 2 2
2 Matt Delahey Michael Sdao 40 1 2 2
Last Minutes Offensive
Center Left Wing Right Wing Defense Defense
Alexandre Bolduc Nathan Gerbe Ryan Jones Colten Teubert Shaun Heska
Last Minutes Defensive
Center Left Wing Right Wing Defense Defense
Alexandre Bolduc Nathan Gerbe Ryan Jones Colten Teubert Shaun Heska
Goaltenders
Starting : Dustin Tokarski
Backup : Brad Thiessen
Extra Forwards
Normal : Phil McRae, Gabriel Dumont, Maxime Sauvé - PP : Phil McRae, Gabriel Dumont - PK : Maxime Sauvé
Extra Defensemen
Normal : Brett Ponich, Morgan Ellis, Matt Delahey - PP : Brett Ponich - PK : Morgan Ellis, Matt Delahey
Penalty Shots
Nathan Gerbe, Alexandre Bolduc, Ryan Jones, Artem Anisimov, Mikko Lehtonen
Demolitions
5 vs 5 Forward
Center Left Wing Right Wing Time % Phy DF OF
1 Darren Helm Bobby Butler Ryan Vesce 40 1 2 2
2 Marek Zagrapan Nigel Dawes Matt D'Agostini 30 1 2 2
3 Nicolas Blanchard Billy Sweat David Laliberté 20 1 2 2
4 Corban Knight Josh Beaulieu Konstantin Pushkarev 10 1 2 2
5 vs 5 Defense
Defense Defense Time % Phy DF OF
1 Cameron Schilling Anton Babchuk 40 1 2 2
2 Anssi Salmela David Rundblad 30 1 2 2
3 Andrew Campbell Seth Helgeson 20 1 2 2
4 Robert Bortuzzo Chris Wideman 10 1 2 2
PowerPlay Forward
Center Left Wing Right Wing Time % Phy DF OF
1 Darren Helm Bobby Butler Ryan Vesce 60 1 2 2
2 Marek Zagrapan Nigel Dawes Matt D'Agostini 40 1 2 2
PowerPlay Defense
Defense Defense Time % Phy DF OF
1 Cameron Schilling Anton Babchuk 60 1 2 2
2 Anssi Salmela David Rundblad 40 1 2 2
Penalty Kill 4 Players Forward
Center Wing Time % Phy DF OF
1 Bobby Butler Ryan Vesce 60 1 2 2
2 Nigel Dawes Darren Helm 40 1 2 2
Penalty Kill 4 Players Defense
Defense Defense Time % Phy DF OF
1 Cameron Schilling Anton Babchuk 60 1 2 2
2 Anssi Salmela David Rundblad 40 1 2 2
Penalty Kill - 3 Players Forward
Forward Time % Phy DF OF
1 Bobby Butler 60 1 2 2
2 Ryan Vesce 40 1 2 2
Penalty Kill - 3 Players Defense
Defense Defense Time % Phy DF OF
1 Cameron Schilling Anton Babchuk 60 1 2 2
2 Anssi Salmela David Rundblad 40 1 2 2
4 vs 4 Forward
Center Wing Time % Phy DF OF
1 Bobby Butler Ryan Vesce 60 1 2 2
2 Nigel Dawes Darren Helm 40 1 2 2
4 vs 4 Defense
Defense Defense Time % Phy DF OF
1 Cameron Schilling Anton Babchuk 60 1 2 2
2 Anssi Salmela David Rundblad 40 1 2 2
Last Minutes Offensive
Center Left Wing Right Wing Defense Defense
Darren Helm Bobby Butler Ryan Vesce Cameron Schilling Anton Babchuk
Last Minutes Defensive
Center Left Wing Right Wing Defense Defense
Darren Helm Bobby Butler Ryan Vesce Cameron Schilling Anton Babchuk
Goaltenders
Starting : Brent Krahn
Backup : Joe Cannata
Extra Forwards
Normal : Masi Marjamaki, Vince Rocco, Alex Hutchings - PP : Masi Marjamaki, Vince Rocco - PK : Alex Hutchings
Extra Defensemen
Normal : Nick Pryor, Andrew Campbell, Seth Helgeson - PP : Nick Pryor - PK : Andrew Campbell, Seth Helgeson
Penalty Shots
Bobby Butler, Ryan Vesce, Nigel Dawes, Darren Helm, Matt D'Agostini
% Time on Ice - Gangsters
Lines # - Real PCT - Wanted PCT - Time Play
Normal Forward
1 - 35% - 40% - 16:49
2 - 29% - 30% - 14:10
3 - 21% - 20% - 10:07
4 - 15% - 10% - 7:08
Normal Defense
1 - 42% - 40% - 20:13
2 - 33% - 30% - 16:05
3 - 20% - 20% - 9:40
4 - 5% - 10% - 2:16
PP Forward
1 - 75% - 60% - 2:18
2 - 25% - 40% - 0:47
PP Defense
1 - 68% - 60% - 2:05
2 - 32% - 40% - 1:00
PK Forward
1 - 74% - 60% - 4:20
2 - 26% - 40% - 1:29
PK Defense
1 - 61% - 60% - 3:34
2 - 39% - 40% - 2:15
PK3 Forward
1 - 78% - 60% - 1:30
2 - 22% - 40% - 0:26
PK3 Defense
1 - 61% - 60% - 1:11
2 - 39% - 40% - 0:45
44 Forward
1 - 89% - 60% - 0:50
2 - 11% - 40% - 0:06
44 Defense
1 - 54% - 60% - 0:30
2 - 46% - 40% - 0:26
Last Minute Offensive - 0:00
Last Minute Defensive - 0:00
Total
Forward - 60:00
Defense - 60:00
|
% Time on Ice - Demolitions
Lines # - Real PCT - Wanted PCT - Time Play
Normal Forward
1 - 33% - 40% - 15:48
2 - 28% - 30% - 13:43
3 - 23% - 20% - 11:06
4 - 16% - 10% - 7:37
Normal Defense
1 - 39% - 40% - 18:39
2 - 32% - 30% - 15:24
3 - 20% - 20% - 9:37
4 - 9% - 10% - 4:34
PP Forward
1 - 62% - 60% - 4:49
2 - 38% - 40% - 2:56
PP Defense
1 - 65% - 60% - 5:00
2 - 35% - 40% - 2:45
PK Forward
1 - 90% - 60% - 2:46
2 - 10% - 40% - 0:19
PK Defense
1 - 56% - 60% - 1:43
2 - 44% - 40% - 1:22
PK3 Forward
1 - 0% - 60%
2 - 0% - 40%
PK3 Defense
1 - 0% - 60%
2 - 0% - 40%
44 Forward
1 - 100% - 60% - 0:56
2 - 0% - 40% - 0:00
44 Defense
1 - 70% - 60% - 0:39
2 - 30% - 40% - 0:17
Last Minute Offensive - 0:00
Last Minute Defensive - 0:00
Total
Forward - 60:00
Defense - 60:00
|
Play by Play
1st period
0:01 of 1st period - Alexandre Bolduc wins face-off versus Darren Helm in neutral zone.
0:06 of 1st period - Wrist shot by Nathan Gerbe.
0:06 of 1st period - Stopped by Brent Krahn with a rebound.
0:54 of 1st period - Josh Beaulieu is hit by Shaun Heska and loses puck.
1:13 of 1st period - Wrist shot by Richard Panik.
1:13 of 1st period - Stopped by Brent Krahn with a rebound.
1:25 of 1st period - Wrist shot by Devante Smith-Pelly.
1:25 of 1st period - Shot Misses the Net.
1:53 of 1st period - Wrist shot by Nicolas Blanchard.
1:53 of 1st period - Shot Blocked by Nathan Gerbe.
2:09 of 1st period - Snap shot by Nicolas Blanchard.
2:09 of 1st period - Shot Misses the Net.
2:11 of 1st period - Slapshot by Anssi Salmela.
2:11 of 1st period - Deflect By Billy Sweat.
2:11 of 1st period - Shot Misses the Net.
2:11 of 1st period - Puck is out of play.
2:12 of 1st period - Artem Anisimov wins face-off versus Darren Helm in Gangsters zone.
2:19 of 1st period - Snap shot by Mikko Lehtonen.
2:19 of 1st period - Stopped by Brent Krahn with a rebound.
2:26 of 1st period - Slapshot by Bobby Butler.
2:26 of 1st period - Stopped by Dustin Tokarski without a rebound.
2:27 of 1st period - Marek Zagrapan wins face-off versus Maxime Sauvé in Gangsters zone.
2:36 of 1st period - Snap shot by Marek Zagrapan.
2:36 of 1st period - Shot Misses the Net.
2:38 of 1st period - Slapshot by Cameron Schilling.
2:38 of 1st period - Stopped by Dustin Tokarski without a rebound.
2:39 of 1st period - Darren Helm wins face-off versus Artem Anisimov in Gangsters zone.
2:44 of 1st period - Snap shot by Ryan Vesce.
2:44 of 1st period - Stopped by Dustin Tokarski with a rebound.
2:50 of 1st period - Wrist shot by Bobby Butler.
2:50 of 1st period - Shot Misses the Net.
2:52 of 1st period - Slapshot by Andrew Campbell.
2:52 of 1st period - Stopped by Dustin Tokarski with a rebound.
2:54 of 1st period - Snap shot by Ryan Vesce.
2:54 of 1st period - Shot Misses the Net.
3:04 of 1st period - Matt Delahey is hit by Corban Knight and loses puck.
4:05 of 1st period - Slapshot by David Laliberté.
4:05 of 1st period - Stopped by Dustin Tokarski with a rebound.
4:09 of 1st period - Snap shot by David Laliberté.
4:09 of 1st period - Shot Misses the Net.
4:11 of 1st period - Slapshot by Robert Bortuzzo.
4:11 of 1st period - Shot Misses the Net.
4:13 of 1st period - Snap shot by Billy Sweat.
4:13 of 1st period - Stopped by Dustin Tokarski without a rebound.
4:14 of 1st period - Alexandre Bolduc wins face-off versus Darren Helm in Gangsters zone.
6:09 of 1st period - Snap shot by Josh Beaulieu.
6:09 of 1st period - Shot Blocked by Curtis McKenzie.
6:48 of 1st period - Bobby Butler is hit by Maxime Sauvé and loses puck.
7:09 of 1st period - Wrist shot by Nicolas Blanchard.
7:09 of 1st period - Deflect By David Laliberté.
7:09 of 1st period - Stopped by Dustin Tokarski with a rebound.
7:11 of 1st period - Wrist shot by Nicolas Blanchard.
7:11 of 1st period - Shot Misses the Net.
7:13 of 1st period - Snap shot by David Laliberté.
7:13 of 1st period - Stopped by Dustin Tokarski with a rebound.
7:15 of 1st period - Slapshot by Billy Sweat.
7:15 of 1st period - Goal by Billy Sweat - Gangsters : 0 - Demolitions : 1.
7:16 of 1st period - Alexandre Bolduc wins face-off versus Ryan Vesce in neutral zone.
7:19 of 1st period - Snap shot by Nathan Gerbe.
7:19 of 1st period - Shot Misses the Net.
7:27 of 1st period - Wrist shot by Alexandre Bolduc.
7:27 of 1st period - Stopped by Brent Krahn with a rebound.
7:29 of 1st period - Slapshot by Colten Teubert.
7:29 of 1st period - Shot Blocked by Seth Helgeson.
7:41 of 1st period - Dave Dziurzynski is hit by Nigel Dawes.
7:45 of 1st period - Nigel Dawes is hit by Dave Dziurzynski and loses puck.
8:04 of 1st period - Slapshot by Shaun Heska.
8:04 of 1st period - Deflect By Ben Holmstrom.
8:04 of 1st period - Shot Misses the Net.
8:04 of 1st period - Puck is out of play.
8:05 of 1st period - Nicolas Blanchard wins face-off versus Devante Smith-Pelly in Demolitions zone.
8:10 of 1st period - Wrist shot by Devante Smith-Pelly.
8:10 of 1st period - Shot Blocked by Anssi Salmela.
8:14 of 1st period - Slapshot by Ben Holmstrom.
8:14 of 1st period - Shot Misses the Net.
8:16 of 1st period - Slapshot by Brett Ponich.
8:16 of 1st period - Shot Blocked by Nicolas Blanchard.
8:18 of 1st period - Snap shot by Devante Smith-Pelly.
8:18 of 1st period - Shot Hit the Post.
8:20 of 1st period - Slapshot by Brett Ponich.
8:20 of 1st period - Shot Misses the Net.
8:38 of 1st period - Wrist shot by Nathan Gerbe.
8:38 of 1st period - Shot Blocked by Anssi Salmela.
8:58 of 1st period - Mikko Lehtonen is hit by Matt D'Agostini and loses puck.
9:13 of 1st period - Wrist shot by Josh Beaulieu.
9:13 of 1st period - Stopped by Dustin Tokarski with a rebound.
9:15 of 1st period - Slapshot by Cameron Schilling.
9:15 of 1st period - Shot Blocked by Matt Delahey.
9:27 of 1st period - Cameron Schilling is hit by Mikko Lehtonen and loses puck.
9:44 of 1st period - Wrist shot by Mikko Lehtonen.
9:44 of 1st period - Stopped by Brent Krahn without a rebound.
9:45 of 1st period - Darren Helm wins face-off versus Alexandre Bolduc in Demolitions zone.
10:20 of 1st period - Brett Ponich is hit by Ryan Vesce and loses puck.
10:55 of 1st period - Slapshot by Nathan Gerbe.
10:55 of 1st period - Stopped by Brent Krahn with a rebound.
12:27 of 1st period - Dave Dziurzynski is hit by Darren Helm.
12:31 of 1st period - Slapshot by Darren Helm.
12:31 of 1st period - Deflect By Bobby Butler.
12:31 of 1st period - Shot Blocked by Colten Teubert.
12:31 of 1st period - Puck is out of play.
12:32 of 1st period - Darren Helm wins face-off versus Artem Anisimov in Gangsters zone.
12:33 of 1st period - Slapshot by Bobby Butler.
12:33 of 1st period - Stopped by Dustin Tokarski with a rebound.
13:07 of 1st period - Off-side.
13:08 of 1st period - Maxime Sauvé wins face-off versus Nicolas Blanchard in neutral zone.
13:33 of 1st period - Anssi Salmela is hit by Artem Anisimov and loses puck.
14:29 of 1st period - Slapshot by Richard Panik.
14:29 of 1st period - Stopped by Brent Krahn without a rebound.
14:30 of 1st period - Corban Knight wins face-off versus Richard Panik in Demolitions zone.
14:46 of 1st period - Wrist shot by Richard Panik.
14:46 of 1st period - Stopped by Brent Krahn without a rebound.
14:47 of 1st period - Darren Helm wins face-off versus Alexandre Bolduc in Demolitions zone.
15:22 of 1st period - Slapshot by Artem Anisimov.
15:22 of 1st period - Stopped by Brent Krahn with a rebound.
15:28 of 1st period - Shaun Heska is hit by Robert Bortuzzo and loses puck.
15:45 of 1st period - Off-side.
15:46 of 1st period - Alexandre Bolduc wins face-off versus Corban Knight in neutral zone.
15:49 of 1st period - Josh Beaulieu is hit by Matt Delahey and loses puck.
15:56 of 1st period - Wrist shot by Nathan Gerbe.
15:56 of 1st period - Shot Misses the Net.
15:58 of 1st period - Snap shot by Ryan Jones.
15:58 of 1st period - Shot Blocked by Anssi Salmela.
16:00 of 1st period - Wrist shot by Alexandre Bolduc.
16:00 of 1st period - Stopped by Brent Krahn with a rebound.
16:02 of 1st period - Snap shot by Nathan Gerbe.
16:02 of 1st period - Deflect By Anssi Salmela.
16:02 of 1st period - Shot Misses the Net.
16:02 of 1st period - Puck is out of play.
16:03 of 1st period - Richard Panik wins face-off versus Darren Helm in Demolitions zone.
16:06 of 1st period - Slapshot by Maxime Sauvé.
16:06 of 1st period - Stopped by Brent Krahn without a rebound.
16:07 of 1st period - Maxime Sauvé wins face-off versus Darren Helm in Demolitions zone.
16:10 of 1st period - Wrist shot by Maxime Sauvé.
16:10 of 1st period - Shot Blocked by Anton Babchuk.
16:12 of 1st period - Slapshot by Brett Ponich.
16:12 of 1st period - Stopped by Brent Krahn with a rebound.
16:14 of 1st period - Wrist shot by Richard Panik.
16:14 of 1st period - Stopped by Brent Krahn with a rebound.
16:16 of 1st period - Snap shot by Richard Panik.
16:16 of 1st period - Shot Misses the Net.
16:18 of 1st period - Wrist shot by Maxime Sauvé.
16:18 of 1st period - Stopped by Brent Krahn with a rebound.
16:20 of 1st period - Wrist shot by Maxime Sauvé.
16:20 of 1st period - Shot Misses the Net.
16:22 of 1st period - Backhand shot by Richard Panik.
16:22 of 1st period - Goal by Richard Panik - Gangsters : 1 - Demolitions : 1.
16:23 of 1st period - Darren Helm wins face-off versus Alexandre Bolduc in neutral zone.
16:34 of 1st period - Snap shot by Nathan Gerbe.
16:34 of 1st period - Stopped by Brent Krahn without a rebound.
16:35 of 1st period - Alexandre Bolduc wins face-off versus Darren Helm in Demolitions zone.
16:38 of 1st period - Wrist shot by Nathan Gerbe.
16:38 of 1st period - Shot Blocked by Anton Babchuk.
17:06 of 1st period - Wrist shot by Marek Zagrapan.
17:06 of 1st period - Shot Blocked by Matt Delahey.
17:22 of 1st period - Wrist shot by Mikko Lehtonen.
17:22 of 1st period - Stopped by Brent Krahn without a rebound.
17:23 of 1st period - Maxime Sauvé wins face-off versus Nicolas Blanchard in Demolitions zone.
17:35 of 1st period - Off-side.
17:36 of 1st period - Darren Helm wins face-off versus Alexandre Bolduc in neutral zone.
17:52 of 1st period - Snap shot by Bobby Butler.
17:52 of 1st period - Stopped by Dustin Tokarski without a rebound.
17:53 of 1st period - Marek Zagrapan wins face-off versus Artem Anisimov in Gangsters zone.
18:16 of 1st period - Minor Penalty to Colten Teubert for Slashing.
18:17 of 1st period - Darren Helm wins face-off versus Nathan Gerbe in Gangsters zone.
18:18 of 1st period - Snap shot by Ryan Vesce.
18:18 of 1st period - Deflect By Darren Helm.
18:18 of 1st period - Shot Blocked by Shaun Heska.
18:18 of 1st period - Puck is out of play.
18:19 of 1st period - Darren Helm wins face-off versus Nathan Gerbe in Gangsters zone.
18:24 of 1st period - Wrist shot by Darren Helm.
18:24 of 1st period - Shot Blocked by Nathan Gerbe.
18:26 of 1st period - Wrist shot by Bobby Butler.
18:26 of 1st period - Stopped by Dustin Tokarski without a rebound.
18:27 of 1st period - Darren Helm wins face-off versus Nathan Gerbe in Gangsters zone.
19:25 of 1st period - Ryan Vesce is hit by Maxime Sauvé and loses puck.
Goals for this period are 1 for Gangsters vs 1 for Demolitions.
Shots for this period are 17 for Gangsters vs 13 for Demolitions.
2nd period
0:01 of 2nd period - Nathan Gerbe wins face-off versus Darren Helm in neutral zone.
0:12 of 2nd period - Snap shot by Bobby Butler.
0:12 of 2nd period - Goal by Bobby Butler - Gangsters : 1 - Demolitions : 2.
0:13 of 2nd period - Alexandre Bolduc wins face-off versus Darren Helm in neutral zone.
0:16 of 2nd period - Slapshot by Colten Teubert.
0:16 of 2nd period - Stopped by Brent Krahn without a rebound.
0:17 of 2nd period - Alexandre Bolduc wins face-off versus Darren Helm in Demolitions zone.
0:24 of 2nd period - Snap shot by Ryan Vesce.
0:24 of 2nd period - Shot Misses the Net.
1:17 of 2nd period - Matt D'Agostini is hit by Dave Dziurzynski and loses puck.
2:18 of 2nd period - Icing by Nicolas Blanchard.
2:19 of 2nd period - Nicolas Blanchard wins face-off versus Richard Panik in Demolitions zone.
2:26 of 2nd period - Wrist shot by Richard Panik.
2:26 of 2nd period - Stopped by Brent Krahn without a rebound.
2:27 of 2nd period - Maxime Sauvé wins face-off versus Bobby Butler in Demolitions zone.
2:28 of 2nd period - Slapshot by Richard Panik.
2:28 of 2nd period - Stopped by Brent Krahn with a rebound.
2:30 of 2nd period - Wrist shot by Maxime Sauvé.
2:30 of 2nd period - Goal by Maxime Sauvé - Gangsters : 2 - Demolitions : 2.
2:31 of 2nd period - Alexandre Bolduc wins face-off versus Darren Helm in neutral zone.
2:52 of 2nd period - Minor Penalty to Shaun Heska for Slashing.
2:53 of 2nd period - Darren Helm wins face-off versus Nathan Gerbe in Gangsters zone.
2:58 of 2nd period - Snap shot by Bobby Butler.
2:58 of 2nd period - Stopped by Dustin Tokarski with a rebound.
3:00 of 2nd period - Wrist shot by Ryan Vesce.
3:00 of 2nd period - Shot Hit the Post.
3:02 of 2nd period - Slapshot by Anton Babchuk.
3:02 of 2nd period - Deflect By Colten Teubert.
3:02 of 2nd period - Goal by Anton Babchuk - Gangsters : 2 - Demolitions : 3.
3:03 of 2nd period - Darren Helm wins face-off versus Alexandre Bolduc in neutral zone.
3:08 of 2nd period - Snap shot by Bobby Butler.
3:08 of 2nd period - Stopped by Dustin Tokarski with a rebound.
3:10 of 2nd period - Snap shot by Ryan Vesce.
3:10 of 2nd period - Goal by Ryan Vesce - Gangsters : 2 - Demolitions : 4.
3:10 of 2nd period - Brad Thiessen enters game.
3:11 of 2nd period - Alexandre Bolduc wins face-off versus Bobby Butler in neutral zone.
6:45 of 2nd period - Snap shot by Billy Sweat.
6:45 of 2nd period - Shot Misses the Net.
7:04 of 2nd period - Ben Holmstrom is hit by Corban Knight.
7:08 of 2nd period - Josh Beaulieu is hit by Colten Teubert.
7:12 of 2nd period - Colten Teubert is hit by Corban Knight and loses puck.
7:19 of 2nd period - Corban Knight is hit by Devante Smith-Pelly and loses puck.
7:27 of 2nd period - Off-side.
7:28 of 2nd period - Alexandre Bolduc wins face-off versus Darren Helm in neutral zone.
7:53 of 2nd period - Darren Helm is hit by Luke Gazdic.
8:06 of 2nd period - Snap shot by Ryan Vesce.
8:06 of 2nd period - Stopped by Brad Thiessen without a rebound.
8:07 of 2nd period - Alexandre Bolduc wins face-off versus Marek Zagrapan in Gangsters zone.
8:07 of 2nd period - Alexandre Bolduc is hit by Matt D'Agostini.
8:45 of 2nd period - Wrist shot by Nicolas Blanchard.
8:45 of 2nd period - Shot Misses the Net.
9:03 of 2nd period - Colten Teubert is hit by Corban Knight and loses puck.
9:31 of 2nd period - Off-side.
9:32 of 2nd period - Marek Zagrapan wins face-off versus Alexandre Bolduc in neutral zone.
9:42 of 2nd period - Snap shot by Matt D'Agostini.
9:42 of 2nd period - Stopped by Brad Thiessen without a rebound.
9:43 of 2nd period - Darren Helm wins face-off versus Alexandre Bolduc in Gangsters zone.
9:53 of 2nd period - Minor Penalty to Darren Helm for Holding.
9:54 of 2nd period - Alexandre Bolduc wins face-off versus Ryan Vesce in Demolitions zone.
9:56 of 2nd period - Snap shot by Nathan Gerbe.
9:56 of 2nd period - Goal by Nathan Gerbe - Gangsters : 3 - Demolitions : 4.
9:57 of 2nd period - Darren Helm wins face-off versus Alexandre Bolduc in neutral zone.
10:24 of 2nd period - Anton Babchuk is hit by Dave Dziurzynski and loses puck.
11:08 of 2nd period - Snap shot by Ben Holmstrom.
11:08 of 2nd period - Shot Blocked by Josh Beaulieu.
11:16 of 2nd period - David Rundblad is hit by Brett Ponich and loses puck.
11:25 of 2nd period - Minor Penalty to Ben Holmstrom for Roughing.
11:26 of 2nd period - Nathan Gerbe wins face-off versus Darren Helm in Gangsters zone.
12:41 of 2nd period - Anssi Salmela is hit by Alexandre Bolduc and loses puck.
13:25 of 2nd period - Penalty to Ben Holmstrom is over, Ben Holmstrom is back on ice.
13:38 of 2nd period - Wrist shot by David Laliberté.
13:38 of 2nd period - Deflect By Billy Sweat.
13:38 of 2nd period - Goal by Billy Sweat - Gangsters : 3 - Demolitions : 5.
13:39 of 2nd period - Artem Anisimov wins face-off versus Nicolas Blanchard in neutral zone.
13:41 of 2nd period - Shaun Heska is hit by David Laliberté and loses puck.
13:48 of 2nd period - Snap shot by Mikko Lehtonen.
13:48 of 2nd period - Shot Blocked by Seth Helgeson.
13:50 of 2nd period - Slapshot by Colten Teubert.
13:50 of 2nd period - Shot Hit the Post.
13:52 of 2nd period - Wrist shot by Artem Anisimov.
13:52 of 2nd period - Shot Hit the Post.
13:54 of 2nd period - Slapshot by Shaun Heska.
13:54 of 2nd period - Stopped by Brent Krahn with a rebound.
14:11 of 2nd period - Snap shot by Nathan Gerbe.
14:11 of 2nd period - Deflect By Cameron Schilling.
14:11 of 2nd period - Stopped by Brent Krahn with a rebound.
14:33 of 2nd period - Slapshot by Maxime Sauvé.
14:33 of 2nd period - Stopped by Brent Krahn without a rebound.
14:34 of 2nd period - Darren Helm wins face-off versus Artem Anisimov in Demolitions zone.
14:56 of 2nd period - Minor Penalty to Ryan Vesce for Hooking.
14:57 of 2nd period - Alexandre Bolduc wins face-off versus Bobby Butler in Demolitions zone.
15:00 of 2nd period - Snap shot by Nathan Gerbe.
15:00 of 2nd period - Shot Blocked by Anton Babchuk.
15:29 of 2nd period - Wrist shot by Dave Dziurzynski.
15:29 of 2nd period - Stopped by Brent Krahn with a rebound.
15:31 of 2nd period - Slapshot by Colten Teubert.
15:31 of 2nd period - Stopped by Brent Krahn with a rebound.
15:59 of 2nd period - Minor Penalty to Michael Sdao for Tripping.
16:00 of 2nd period - Bobby Butler wins face-off versus Nathan Gerbe in Gangsters zone.
16:56 of 2nd period - Penalty to Ryan Vesce is over, Ryan Vesce is back on ice.
17:03 of 2nd period - Matt Delahey is hit by Marek Zagrapan and loses puck.
17:30 of 2nd period - Shaun Heska is hit by Bobby Butler and loses puck.
17:59 of 2nd period - Penalty to Michael Sdao is over, Michael Sdao is back on ice.
18:05 of 2nd period - Matt Delahey is hit by Marek Zagrapan and loses puck.
18:24 of 2nd period - Wrist shot by Dave Dziurzynski.
18:24 of 2nd period - Deflect By Mikko Lehtonen.
18:24 of 2nd period - Shot Misses the Net.
18:24 of 2nd period - Puck is out of play.
18:25 of 2nd period - Corban Knight wins face-off versus Maxime Sauvé in Demolitions zone.
18:25 of 2nd period - Corban Knight is hit by Maxime Sauvé.
18:38 of 2nd period - Josh Beaulieu is hit by Shaun Heska.
19:13 of 2nd period - Bobby Butler is hit by Luke Gazdic and loses puck.
19:56 of 2nd period - Off-side.
19:57 of 2nd period - Marek Zagrapan wins face-off versus Alexandre Bolduc in neutral zone.
Goals for this period are 2 for Gangsters vs 4 for Demolitions.
Shots for this period are 10 for Gangsters vs 8 for Demolitions.
3rd period
0:01 of 3rd period - Darren Helm wins face-off versus Alexandre Bolduc in neutral zone.
0:06 of 3rd period - Slapshot by Nathan Gerbe.
0:06 of 3rd period - Stopped by Brent Krahn with a rebound.
0:08 of 3rd period - Wrist shot by Alexandre Bolduc.
0:08 of 3rd period - Stopped by Brent Krahn with a rebound.
0:10 of 3rd period - Wrist shot by Alexandre Bolduc.
0:10 of 3rd period - Shot Blocked by Darren Helm.
0:12 of 3rd period - Snap shot by Colten Teubert.
0:12 of 3rd period - Shot Misses the Net.
0:14 of 3rd period - Slapshot by Shaun Heska.
0:14 of 3rd period - Shot Misses the Net.
0:16 of 3rd period - Slapshot by Ryan Jones.
0:16 of 3rd period - Shot Misses the Net.
0:41 of 3rd period - Icing by Colten Teubert.
0:42 of 3rd period - Artem Anisimov wins face-off versus Darren Helm in Gangsters zone.
0:45 of 3rd period - Snap shot by Ryan Vesce.
0:45 of 3rd period - Deflect By Darren Helm.
0:45 of 3rd period - Stopped by Brad Thiessen with a rebound.
0:47 of 3rd period - Snap shot by Darren Helm.
0:47 of 3rd period - Stopped by Brad Thiessen with a rebound.
0:49 of 3rd period - Wrist shot by Ryan Vesce.
0:49 of 3rd period - Shot Misses the Net.
0:51 of 3rd period - Slapshot by Anssi Salmela.
0:51 of 3rd period - Shot Blocked by Colten Teubert.
1:21 of 3rd period - Slapshot by Dave Dziurzynski.
1:21 of 3rd period - Stopped by Brent Krahn without a rebound.
1:22 of 3rd period - Darren Helm wins face-off versus Ryan Jones in Demolitions zone.
1:22 of 3rd period - Darren Helm is hit by Alexandre Bolduc.
1:50 of 3rd period - Slapshot by Anton Babchuk.
1:50 of 3rd period - Shot Misses the Net.
1:52 of 3rd period - Slapshot by Cameron Schilling.
1:52 of 3rd period - Deflect By Maxime Sauvé.
1:52 of 3rd period - Stopped by Brad Thiessen without a rebound.
1:53 of 3rd period - Nicolas Blanchard wins face-off versus Luke Gazdic in Gangsters zone.
1:54 of 3rd period - Backhand shot by David Laliberté.
1:54 of 3rd period - Deflect By Billy Sweat.
1:54 of 3rd period - Shot Misses the Net.
1:54 of 3rd period - Puck is out of play.
1:55 of 3rd period - Nicolas Blanchard wins face-off versus Maxime Sauvé in Gangsters zone.
2:00 of 3rd period - Wrist shot by Nicolas Blanchard.
2:00 of 3rd period - Shot Misses the Net.
2:06 of 3rd period - Snap shot by Nicolas Blanchard.
2:06 of 3rd period - Shot Blocked by Morgan Ellis.
2:08 of 3rd period - Wrist shot by Billy Sweat.
2:08 of 3rd period - Shot Blocked by Brett Ponich.
2:10 of 3rd period - Backhand shot by Anssi Salmela.
2:10 of 3rd period - Shot Blocked by Richard Panik.
3:06 of 3rd period - Slapshot by Mikko Lehtonen.
3:06 of 3rd period - Deflect By Artem Anisimov.
3:06 of 3rd period - Shot Blocked by Konstantin Pushkarev.
3:06 of 3rd period - Puck is out of play.
3:07 of 3rd period - Corban Knight wins face-off versus Artem Anisimov in Demolitions zone.
3:07 of 3rd period - Corban Knight is hit by Dave Dziurzynski.
3:14 of 3rd period - Minor Penalty to Mikko Lehtonen for Roughing.
3:15 of 3rd period - Darren Helm wins face-off versus Nathan Gerbe in Gangsters zone.
3:29 of 3rd period - Snap shot by Nathan Gerbe.
3:29 of 3rd period - Stopped by Brent Krahn without a rebound.
3:30 of 3rd period - Nathan Gerbe wins face-off versus Darren Helm in Demolitions zone.
3:35 of 3rd period - Snap shot by Nathan Gerbe.
3:35 of 3rd period - Shot Misses the Net.
3:37 of 3rd period - Wrist shot by Alexandre Bolduc.
3:37 of 3rd period - Shot Misses the Net.
3:39 of 3rd period - Slapshot by Shaun Heska.
3:39 of 3rd period - Shot Misses the Net.
3:41 of 3rd period - Wrist shot by Alexandre Bolduc.
3:41 of 3rd period - Stopped by Brent Krahn without a rebound.
3:42 of 3rd period - Darren Helm wins face-off versus Nathan Gerbe in Demolitions zone.
3:49 of 3rd period - Slapshot by Cameron Schilling.
3:49 of 3rd period - Goal by Cameron Schilling - Gangsters : 3 - Demolitions : 6.
3:50 of 3rd period - Alexandre Bolduc wins face-off versus Darren Helm in neutral zone.
4:38 of 3rd period - Slapshot by Billy Sweat.
4:38 of 3rd period - Shot Misses the Net.
4:40 of 3rd period - Backhand shot by Nicolas Blanchard.
4:40 of 3rd period - Deflect By David Laliberté.
4:40 of 3rd period - Shot Misses the Net.
4:40 of 3rd period - Puck is out of play.
4:41 of 3rd period - Bobby Butler wins face-off versus Alexandre Bolduc in Gangsters zone.
4:56 of 3rd period - Wrist shot by Bobby Butler.
4:56 of 3rd period - Shot Misses the Net.
5:11 of 3rd period - Off-side.
5:12 of 3rd period - Marek Zagrapan wins face-off versus Artem Anisimov in neutral zone.
5:42 of 3rd period - Wrist shot by Marek Zagrapan.
5:42 of 3rd period - Shot Misses the Net.
5:44 of 3rd period - Snap shot by Nigel Dawes.
5:44 of 3rd period - Shot Misses the Net.
5:46 of 3rd period - Slapshot by Andrew Campbell.
5:46 of 3rd period - Deflect By Marek Zagrapan.
5:46 of 3rd period - Stopped by Brad Thiessen with a rebound.
5:48 of 3rd period - Snap shot by Nigel Dawes.
5:48 of 3rd period - Shot Misses the Net.
5:50 of 3rd period - Slapshot by Seth Helgeson.
5:50 of 3rd period - Stopped by Brad Thiessen with a rebound.
5:58 of 3rd period - Wrist shot by Marek Zagrapan.
5:58 of 3rd period - Shot Blocked by Alexandre Bolduc.
6:38 of 3rd period - Off-side.
6:39 of 3rd period - Darren Helm wins face-off versus Artem Anisimov in neutral zone.
6:45 of 3rd period - Minor Penalty to Dave Dziurzynski for Hooking.
6:46 of 3rd period - Nathan Gerbe wins face-off versus Darren Helm in Gangsters zone.
6:48 of 3rd period - Minor Penalty to Michael Sdao for Hooking.
6:49 of 3rd period - Nathan Gerbe wins face-off versus Darren Helm in Gangsters zone.
7:15 of 3rd period - Shaun Heska is hit by Anton Babchuk and loses puck.
7:54 of 3rd period - Anssi Salmela is hit by Matt Delahey and loses puck.
8:45 of 3rd period - Penalty to Dave Dziurzynski is over, Dave Dziurzynski is back on ice.
8:47 of 3rd period - Snap shot by Alexandre Bolduc.
8:47 of 3rd period - Stopped by Brent Krahn with a rebound.
8:48 of 3rd period - Penalty to Michael Sdao is over, Michael Sdao is back on ice.
9:16 of 3rd period - Wrist shot by David Laliberté.
9:16 of 3rd period - Shot Misses the Net.
10:14 of 3rd period - Slapshot by Ryan Vesce.
10:14 of 3rd period - Stopped by Brad Thiessen without a rebound.
10:15 of 3rd period - Darren Helm wins face-off versus Ben Holmstrom in Gangsters zone.
10:20 of 3rd period - Backhand shot by Darren Helm.
10:20 of 3rd period - Shot Blocked by Shaun Heska.
10:23 of 3rd period - Icing by Shaun Heska.
10:24 of 3rd period - Ryan Vesce wins face-off versus Ben Holmstrom in Gangsters zone.
10:25 of 3rd period - Snap shot by Bobby Butler.
10:25 of 3rd period - Shot Misses the Net.
10:41 of 3rd period - Darren Helm is hit by Devante Smith-Pelly and loses puck.
10:46 of 3rd period - Snap shot by Ben Holmstrom.
10:46 of 3rd period - Stopped by Brent Krahn without a rebound.
10:47 of 3rd period - Alexandre Bolduc wins face-off versus Matt D'Agostini in Demolitions zone.
10:52 of 3rd period - Wrist shot by Nathan Gerbe.
10:52 of 3rd period - Deflect By Alexandre Bolduc.
10:52 of 3rd period - Stopped by Brent Krahn without a rebound.
10:53 of 3rd period - Ryan Jones wins face-off versus Marek Zagrapan in Demolitions zone.
11:24 of 3rd period - Wrist shot by Darren Helm.
11:24 of 3rd period - Shot Misses the Net.
11:26 of 3rd period - Slapshot by Anssi Salmela.
11:26 of 3rd period - Stopped by Brad Thiessen with a rebound.
11:28 of 3rd period - Slapshot by Bobby Butler.
11:28 of 3rd period - Shot Hit the Post.
11:48 of 3rd period - Wrist shot by Maxime Sauvé.
11:48 of 3rd period - Shot Misses the Net.
12:02 of 3rd period - Colten Teubert is hit by Konstantin Pushkarev and loses puck.
12:09 of 3rd period - Anton Babchuk is hit by Devante Smith-Pelly and loses puck.
13:43 of 3rd period - Shaun Heska is hit by Corban Knight and loses puck.
14:45 of 3rd period - Wrist shot by Marek Zagrapan.
14:45 of 3rd period - Deflect By Matt D'Agostini.
14:45 of 3rd period - Stopped by Brad Thiessen without a rebound.
14:46 of 3rd period - Curtis McKenzie wins face-off versus Marek Zagrapan in Gangsters zone.
15:15 of 3rd period - Nigel Dawes is hit by Michael Sdao and loses puck.
15:27 of 3rd period - Minor Penalty to Matt D'Agostini for Slashing.
15:28 of 3rd period - Bobby Butler wins face-off versus Alexandre Bolduc in Demolitions zone.
15:38 of 3rd period - Wrist shot by Alexandre Bolduc.
15:38 of 3rd period - Shot Misses the Net.
15:47 of 3rd period - Icing by Michael Sdao.
15:48 of 3rd period - Bobby Butler wins face-off versus Alexandre Bolduc in Gangsters zone.
15:57 of 3rd period - Cameron Schilling is hit by Ryan Jones.
17:17 of 3rd period - Wrist shot by Dave Dziurzynski.
17:17 of 3rd period - Shot Misses the Net.
17:19 of 3rd period - Snap shot by Dave Dziurzynski.
17:19 of 3rd period - Deflect By Mikko Lehtonen.
17:19 of 3rd period - Shot Blocked by Cameron Schilling.
17:19 of 3rd period - Puck is out of play.
17:20 of 3rd period - Artem Anisimov wins face-off versus Corban Knight in Demolitions zone.
17:27 of 3rd period - Penalty to Matt D'Agostini is over, Matt D'Agostini is back on ice.
17:31 of 3rd period - Snap shot by Dave Dziurzynski.
17:31 of 3rd period - Stopped by Brent Krahn with a rebound.
17:35 of 3rd period - Wrist shot by Mikko Lehtonen.
17:35 of 3rd period - Shot Misses the Net.
17:37 of 3rd period - Snap shot by Artem Anisimov.
17:37 of 3rd period - Shot Misses the Net.
17:39 of 3rd period - Wrist shot by Dave Dziurzynski.
17:39 of 3rd period - Deflect By Mikko Lehtonen.
17:39 of 3rd period - Shot Misses the Net.
17:39 of 3rd period - Puck is out of play.
17:40 of 3rd period - Marek Zagrapan wins face-off versus Maxime Sauvé in Demolitions zone.
17:45 of 3rd period - Slapshot by Maxime Sauvé.
17:45 of 3rd period - Stopped by Brent Krahn with a rebound.
17:47 of 3rd period - Slapshot by Maxime Sauvé.
17:47 of 3rd period - Shot Misses the Net.
17:49 of 3rd period - Wrist shot by Maxime Sauvé.
17:49 of 3rd period - Shot Blocked by Nigel Dawes.
17:51 of 3rd period - Snap shot by Maxime Sauvé.
17:51 of 3rd period - Stopped by Brent Krahn without a rebound.
17:52 of 3rd period - Marek Zagrapan wins face-off versus Artem Anisimov in Demolitions zone.
18:03 of 3rd period - Snap shot by Nigel Dawes.
18:03 of 3rd period - Shot Misses the Net.
18:45 of 3rd period - Wrist shot by Mikko Lehtonen.
18:45 of 3rd period - Stopped by Brent Krahn with a rebound.
18:47 of 3rd period - Wrist shot by Artem Anisimov.
18:47 of 3rd period - Deflect By Dave Dziurzynski.
18:47 of 3rd period - Stopped by Brent Krahn without a rebound.
18:48 of 3rd period - Alexandre Bolduc wins face-off versus Darren Helm in Demolitions zone.
19:01 of 3rd period - Snap shot by Alexandre Bolduc.
19:01 of 3rd period - Shot Blocked by Cameron Schilling.
19:40 of 3rd period - Wrist shot by Konstantin Pushkarev.
19:40 of 3rd period - Stopped by Brad Thiessen with a rebound.
Goals for this period are 0 for Gangsters vs 1 for Demolitions.
Shots for this period are 13 for Gangsters vs 10 for Demolitions.
Back to the Top